 Dungeon Crawl Stone Soup version 0.26-a0-597-gb535b0901c (webtiles) character file.

Game seed: 5939428047829196776

45 Alarkh the Insei (level 3, 0/29 HPs)
             Began as a Demonspawn Monk on Sept 3, 2020.
             Killed from afar by Sigmund (6 damage)
             ... with a puff of flame
             ... on level 2 of the Dungeon.
             The game lasted 00:01:54 (1061 turns).

Alarkh the Insei (Demonspawn Monk)                  Turns: 1061, Time: 00:01:55

Health: 0/29       AC:  3    Str: 11    XL:     3   Next: 42%
Magic:  3/3        EV: 13    Int: 12    God:
Gold:   67         SH:  0    Dex: 15    Spells: 2/2 levels left

rFire    . . .     SeeInvis .     - Unarmed
rCold    . . .     Faith    .   (no shield)
rNeg     . . .     Spirit   .   a - +0 robe
rPois    .         Reflect  .   (no helmet)
rElec    .         Harm     .   (no cloak)
rCorr    .                      (no gloves)
MR       .....                  d - +0 pair of boots
Stlth    ++........             (no amulet)
HPRegen  0.09/turn              (no ring)
MPRegen  0.08/turn              (no ring)

@: mighty
A: powered by death 1
a: no special abilities


You were on level 2 of the Dungeon.
You visited 1 branch of the dungeon, and saw 2 of its levels.

You collected 67 gold pieces.

Inventory:

Armour
 a - a +0 robe (worn)
 d - a +0 pair of boots (worn)
Scrolls
 b - a scroll of remove curse
 c - a scroll of magic mapping {unknown}
 e - a scroll of teleportation


   Skills:
 + Level 3.5 Fighting
 - Level 2.6 Dodging
 - Level 1.7 Stealth
 * Level 3.7 Unarmed Combat


You had 2 spell levels left.
You didn't know any spells.
Your spell library was empty.

Dungeon Overview and Level Annotations

Branches:
Dungeon (2/15)

Altars:

Annotations:
D:2 Sigmund, Terence


Innate Abilities, Weirdness & Mutations

You regenerate a little health from kills.


Message History

You closely miss Sigmund.
Your surroundings suddenly seem different.
Sigmund shouts!
Sigmund barely misses you.
Terence shouts!
Sigmund points at you and mumbles some strange words.
The puff of flame hits you.
You closely miss Sigmund.
Sigmund mumbles some strange words.
Sigmund flickers and vanishes!
Deactivating autopickup; reactivate with Ctrl-A.
You barely miss something. You punch something! Something hits you.
You barely miss something. Something barely misses you.
You punch something! Something hits you.
* * * LOW HITPOINT WARNING * * *
x2 A puff of flame appears from out of thin air!
The puff of flame hits you.
You die...

##...## ..# ##+## #.#
#.# #.# #.# #.#
##.#########.#
##..........#.# ##
#.....#####.#.#
.#######...######.#.#
...........@{...@...#
.########..######.###
## #..# #.#
#..######.#
#.@.......#
#.######### #....#
#.##.# #.##.#


You could see Terence.

Vanquished Creatures
  An ooze (D:2)
  2 leopard geckos (D:1)
  2 giant cockroaches (D:1)
  5 goblins
  5 hobgoblins (D:1)
  6 jackals
  4 bats (D:1)
  3 kobolds
  8 rats (D:1)
36 creatures vanquished.

Notes
Turn   | Place    | Note
-------+----------+-------------------------------------------
     0 | D:1      | Alarkh the Demonspawn Monk began the quest for the Orb.
     0 | D:1      | Reached XP level 1. HP: 18/18 MP: 1/1
   230 | D:1      | Gained mutation: You regenerate a little health from kills.
                  | [demonic ancestry]
   230 | D:1      | Reached XP level 2. HP: 8/24 MP: 2/2
   456 | D:1      | Reached XP level 3. HP: 13/29 MP: 3/3
  1021 | D:2      | Noticed Terence
  1021 | D:2      | Noticed Sigmund
  1061 | D:2      | Killed from afar by Sigmund

Illustrated notes

Levels and vault maps discovered:
D:1:      erik_arrival_blinker_ship, layout_rooms
D:2:      layout_loops_corners, uniq_terence, uniq_crazy_yiuf_cottage,
          uniq_sigmund

Skill      XL: |  1 |
---------------+----+-----
Unarmed Combat | 3 |  3.7
Fighting       | |  3.5
Dodging        | |  2.6
Stealth        | |  1.7

Action                   || total
-------------------------++-------
Melee: Unarmed           ||   160
       Punch             ||     2
  Use: Scroll            ||     2
       Potion            ||     1
 Stab: Sleeping          ||     4
Armor: Robe              ||    52
Dodge: Dodged            ||   127

Table legend: (Time is in decaauts)
 A = Elapsed time spent in this place.
 B = Non-inter-level travel time spent in this place.
 C = Inter-level travel time spent in this place.
 D = Time resting spent in this place.
 E = Time spent auto-exploring this place.
 F = Levels seen in this place.
 G = Mean time per level.
                   A        B        C        D        E       F      G
               +--------+--------+--------+--------+--------+-----+--------+
         Total |   1050 |   1042 |      8 |    196 |    545 |   2 |  525.0 |
       Dungeon |   1050 |   1042 |      8 |    196 |    545 |   2 |  525.0 |
               +--------+--------+--------+--------+--------+-----+--------+

Top non-repeatable levels by time:
     D:1: 802 daAuts
     D:2: 248 daAuts
